NWL (28 & UNDER)
CULVER CITY EXTRAS @ BISMARK BORDER GUARDS
07/15/2030
 
TOP OF THE 1ST
Culver City Extras batting - Pitching for Bismark Border Guards : LHP Jeffrey Glass
Pitching: LHP Jeffrey Glass
Batting: RHB Jamie Swyers 0-0: Called Strike
0-1: Foul Ball, location: 2F
0-2: SINGLE (Groundball, 6) (infield hit)
Batting: LHB Martín Garza 0-0: Ball
Jamie Swyers is caught stealing 2nd base
1-0: Ball
2-0: Ball
3-0: Called Strike
3-1: Ground out 1-3 (Groundball, 15S)
Batting: RHB Dave Anderson 0-0: Ball
1-0: Ball
2-0: Called Strike
2-1: Called Strike
2-2: Ball
3-2: Ground out 4-3 (Groundball, 4MS)
Top of the 1st over - 0 runs, 1 hit, 0 errors, 0 left on base; Culver City 0 - Bismark 0
BOTTOM OF THE 1ST
Bismark Border Guards batting - Pitching for Culver City Extras : RHP Rubén Cruz
Pitching: RHP Rubén Cruz
Batting: LHB Kelsey Scott 0-0: Called Strike
0-1: Ball
1-1: Ball
2-1: Swinging Strike
2-2: Ball
3-2: Foul Ball, location: 2F
3-2: Strikes out swinging
Batting: RHB Warren Martin 0-0: Ball
1-0: Ball
2-0: Ball
3-0: Called Strike
3-1: Foul Ball, location: 2F
3-2: Foul Ball, location: 2F
3-2: Foul Ball, location: 2F
3-2: Base on Balls
Batting: RHB Enrique Mendoza 0-0: Ball
1-0: Ball
2-0: Swinging Strike
2-1: Called Strike
2-2: Strikes out swinging
Batting: LHB Alan Moore 0-0: Ball
1-0: Foul Ball, location: 2F
1-1: Ball
2-1: Ball
3-1: Swinging Strike
3-2: Base on Balls
Warren Martin to second
Batting: RHB Leonard Harris 0-0: Ball
1-0: Swinging Strike
1-1: Ball
2-1: Ball
3-1: Called Strike
3-2: Foul Ball, location: 2F
3-2: Base on Balls
Warren Martin to third
Alan Moore to second
Batting: RHB Mario Carranza 0-0: Called Strike
0-1: Ball
1-1: Foul Ball, location: 2F
1-2: SINGLE (Groundball, 6D)
Warren Martin scores
Alan Moore to third
Leonard Harris to second
Runner from 3rd tries for Home, throw and OUT!
Bottom of the 1st over - 1 run, 1 hit, 0 errors, 2 left on base; Culver City 0 - Bismark 1
TOP OF THE 2ND
Culver City Extras batting - Pitching for Bismark Border Guards : LHP Jeffrey Glass
Batting: SHB Joey Boyd 0-0: Ball
1-0: Called Strike
1-1: Ball
2-1: Foul Ball, location: 2F
2-2: SOLO HOME RUN (Flyball, 7LD), Distance : 355 ft
Batting: RHB John Stevens 0-0: Ball
1-0: Called Strike
1-1: Ball
2-1: Ball
3-1: Foul Ball, location: 2F
3-2: Foul Ball, location: 2F
3-2: Base on Balls
Batting: LHB Tony Smith 0-0: Called Strike
0-1: Foul Ball, location: 2F
0-2: Ball
1-2: Ball
2-2: Strikes out swinging
Batting: LHB Trey Fitzpatrick 0-0: Swinging Strike
0-1: Ball
1-1: Ball
2-1: Swinging Strike
2-2: Foul Ball, location: 2F
2-2: Foul Ball, location: 2F
2-2: Strikes out swinging
Batting: LHB Ramiro Venegas 0-0: Called Strike
0-1: Called Strike
0-2: SINGLE (Groundball, 34) (infield hit)
John Stevens to second
Batting: LHB Francisco Chavero 0-0: Called Strike
0-1: Called Strike
0-2: Ball
1-2: Foul Ball, location: 2F
1-2: Ball
2-2: Strikes out looking
Top of the 2nd over - 1 run, 2 hits, 0 errors, 2 left on base; Culver City 1 - Bismark 1
BOTTOM OF THE 2ND
Bismark Border Guards batting - Pitching for Culver City Extras : RHP Rubén Cruz
Batting: RHB Vincent Braun 0-0: Foul Ball, location: 2F
0-1: Ball
1-1: SINGLE (Line Drive, 8LS)
Batting: RHB Sergio Solíz 0-0: Foul Ball, location: 2F
0-1: Ball
1-1: Foul Ball, location: 2F
1-2: Ball
2-2: Fly out, F9 (Flyball, 9D)
Batting: RHB José Vidal 0-0: Called Strike
0-1: Foul Ball, location: 2F
0-2: Foul Ball, location: 2F
0-2: Foul Ball, location: 2F
0-2: Ball
1-2: SINGLE (Line Drive, 6MD)
Vincent Braun to second
Batting: LHB Kelsey Scott 0-0: Ball
1-0: Ball
2-0: Foul Ball, location: 2F
2-1: Ball
3-1: Swinging Strike
3-2: Base on Balls
Vincent Braun to third
José Vidal to second
Batting: RHB Warren Martin 0-0: Called Strike
0-1: Ball
1-1: Foul Ball, location: 2F
1-2: Foul Ball, location: 2F
1-2: Foul Ball, location: 2F
1-2: Ball
2-2: Ball
3-2: Foul Ball, location: 2F
3-2: Base on Balls
Vincent Braun scores
José Vidal to third
Kelsey Scott to second
Batting: RHB Enrique Mendoza 0-0: Foul Ball, location: 2F
0-1: Ball
1-1: Ball
2-1: Ball
3-1: Called Strike
3-2: Base on Balls
José Vidal scores
Kelsey Scott to third
Warren Martin to second
Batting: LHB Alan Moore 0-0: Ball
1-0: Ball
2-0: Ball
3-0: Called Strike
3-1: Base on Balls
Kelsey Scott scores
Warren Martin to third
Enrique Mendoza to second
Batting: RHB Leonard Harris 0-0: Called Strike
0-1: Foul Ball, location: 2F
0-2: Foul Ball, location: 2F
0-2: Foul Ball, location: 2F
0-2: Grounds into double play, 6-4-3 (Groundball, 6)
Bottom of the 2nd over - 3 runs, 2 hits, 0 errors, 2 left on base; Culver City 1 - Bismark 4
TOP OF THE 3RD
Culver City Extras batting - Pitching for Bismark Border Guards : LHP Jeffrey Glass
Batting: RHB Jamie Swyers 0-0: Ball
1-0: Called Strike
1-1: Ball
2-1: Swinging Strike
2-2: SINGLE (Line Drive, 8LS)
Batting: LHB Martín Garza 0-0: Ball
1-0: Ball
2-0: Ball
3-0: Called Strike
3-1: Called Strike
3-2: Ground out U3 (Groundball, 3L)
Jamie Swyers to second
Batting: RHB Dave Anderson 0-0: Ball
1-0: Called Strike
1-1: Foul Ball, location: 2F
1-2: Ball
2-2: Strikes out looking
Batting: SHB Joey Boyd 0-0: SINGLE (Line Drive, 56D)
Jamie Swyers to third
Runner from 3rd tries for Home, SAFE, throw made home
Batting: RHB John Stevens 0-0: Called Strike
0-1: Ball
1-1: Swinging Strike
1-2: Ball
2-2: Foul Ball, location: 2F
2-2: Foul Ball, location: 2F
2-2: Foul Ball, location: 2F
2-2: Ball
3-2: Strikes out swinging
Top of the 3rd over - 1 run, 2 hits, 0 errors, 1 left on base; Culver City 2 - Bismark 4
BOTTOM OF THE 3RD
Bismark Border Guards batting - Pitching for Culver City Extras : RHP Rubén Cruz
Batting: RHB Mario Carranza 0-0: Ball
1-0: Ball
2-0: Swinging Strike
2-1: Ball
3-1: SINGLE (Line Drive, 4MD)
Pitching: RHP Mauro Martínez
Batting: RHB Vincent Braun 0-0: Called Strike
0-1: Called Strike
0-2: Ball
1-2: Ball
2-2: SINGLE (Line Drive, 9S)
Mario Carranza to second
Batting: RHB Sergio Solíz 0-0: Foul Ball, location: 2F
0-1: Grounds into double play, 4-6-3 (Groundball, 4M)
Mario Carranza to third
Batting: RHB José Vidal 0-0: Foul Ball, location: 2F
0-1: Swinging Strike
0-2: Strikes out swinging
Bottom of the 3rd over - 0 runs, 2 hits, 0 errors, 1 left on base; Culver City 2 - Bismark 4
TOP OF THE 4TH
Culver City Extras batting - Pitching for Bismark Border Guards : LHP Jeffrey Glass
Batting: LHB Tony Smith 0-0: Swinging Strike
0-1: TRIPLE (Line Drive, 7D)
Batting: LHB Trey Fitzpatrick 0-0: Called Strike
0-1: Foul Ball, location: 2F
0-2: Strikes out looking
Batting: LHB Ramiro Venegas 0-0: Called Strike
0-1: SINGLE (Groundball, 4MD)
Tony Smith scores
Batting: LHB Francisco Chavero 0-0: Ball
1-0: Ball
2-0: 2-RUN HOME RUN (Flyball, 9D), Distance : 383 ft
Batting: RHB Jamie Swyers 0-0: Ball
1-0: Ball
2-0: Called Strike
2-1: Ball
3-1: Foul Ball, location: 2F
3-2: Base on Balls
Pitching: RHP Edward Hastings
Batting: LHB Martín Garza 0-0: Ball
1-0: Ball
2-0: Ball
3-0: Base on Balls
Jamie Swyers to second
Batting: RHB Dave Anderson 0-0: Ball
1-0: Ball
Jamie Swyers is caught stealing 3rd base
Martín Garza to second
2-0: Called Strike
2-1: Ball
3-1: Base on Balls
Batting: SHB Joey Boyd 0-0: Ball
1-0: Called Strike
1-1: Ball
2-1: Called Strike
2-2: Foul Ball, location: 2F
2-2: Ball
3-2: Base on Balls
Martín Garza to third
Dave Anderson to second
Batting: RHB John Stevens 0-0: Called Strike
0-1: Swinging Strike
0-2: Ball
1-2: Ball
2-2: Foul Ball, location: 2F
2-2: Foul Ball, location: 2F
2-2: Strikes out swinging
Top of the 4th over - 3 runs, 3 hits, 0 errors, 3 left on base; Culver City 5 - Bismark 4
BOTTOM OF THE 4TH
Bismark Border Guards batting - Pitching for Culver City Extras : RHP Mauro Martínez
Batting: LHB Kelsey Scott 0-0: Called Strike
0-1: Called Strike
0-2: Ball
1-2: Strikes out swinging
Batting: RHB Warren Martin 0-0: Swinging Strike
0-1: Fly out, F9 (Flyball, 9LS)
Batting: RHB Enrique Mendoza 0-0: Called Strike
0-1: Fly out, F8 (Flyball, 8LXD)
Bottom of the 4th over - 0 runs, 0 hits, 0 errors, 0 left on base; Culver City 5 - Bismark 4
TOP OF THE 5TH
Culver City Extras batting - Pitching for Bismark Border Guards : RHP Edward Hastings
Batting: LHB Tony Smith 0-0: Foul Ball, location: 2F
0-1: Ball
1-1: Ball
2-1: Called Strike
2-2: Fly out, F7 (Flyball, 7S)
Batting: LHB Trey Fitzpatrick 0-0: Called Strike
0-1: Ball
1-1: SOLO HOME RUN (Flyball, 9D), Distance : 375 ft
Batting: LHB Ramiro Venegas 0-0: Swinging Strike
0-1: Called Strike
0-2: Ball
1-2: Fly out, F7 (Flyball, 78D)
Batting: LHB Francisco Chavero 0-0: Called Strike
0-1: Ball
1-1: Swinging Strike
1-2: Ball
2-2: Foul Ball, location: 2F
2-2: Ground out 4-3 (Groundball, 4)
Top of the 5th over - 1 run, 1 hit, 0 errors, 0 left on base; Culver City 6 - Bismark 4
BOTTOM OF THE 5TH
Bismark Border Guards batting - Pitching for Culver City Extras : RHP Mauro Martínez
Batting: LHB Alan Moore 0-0: Ball
1-0: Foul Ball, location: 2F
1-1: Foul Ball, location: 2F
1-2: Strikes out swinging
Batting: RHB Leonard Harris 0-0: Foul Ball, location: 2F
0-1: Ball
1-1: Foul Ball, location: 2F
1-2: Strikes out swinging
Batting: RHB Mario Carranza 0-0: Ball
1-0: Ground out 6-3 (Groundball, 6)
Bottom of the 5th over - 0 runs, 0 hits, 0 errors, 0 left on base; Culver City 6 - Bismark 4
TOP OF THE 6TH
Culver City Extras batting - Pitching for Bismark Border Guards : RHP Edward Hastings
Batting: RHB Jamie Swyers 0-0: SINGLE (Line Drive, 6D)
Batting: LHB Martín Garza 0-0: Ball
1-0: Foul Ball, location: 2F
1-1: Ball
2-1: Foul Ball, location: 2F
2-2: Foul Ball, location: 2F
2-2: Foul Ball, location: 2F
2-2: Ball
3-2: SINGLE (Groundball, 4MD)
Jamie Swyers to second
Runner from 2nd tries for 3rd, SAFE, no throw
Batting: RHB Dave Anderson 0-0: Ball
1-0: Swinging Strike
1-1: Ball
2-1: Called Strike
2-2: Ball
3-2: Base on Balls
Martín Garza to second
Batting: SHB Joey Boyd 0-0: Fly out, F7 (Flyball, 7)
Runner from 3rd tags up, OUT at HOME
Martín Garza to third
Dave Anderson to second
Batting: RHB John Stevens 0-0: Swinging Strike
0-1: Ball
1-1: Ball
2-1: Foul Ball, location: 2F
2-2: Ball
3-2: Fly out, F4 (Popup, 34)
Top of the 6th over - 0 runs, 2 hits, 0 errors, 2 left on base; Culver City 6 - Bismark 4
BOTTOM OF THE 6TH
Bismark Border Guards batting - Pitching for Culver City Extras : RHP Mauro Martínez
Batting: RHB Vincent Braun 0-0: Foul Ball, location: 2F
0-1: Ball
1-1: Called Strike
1-2: Fly out, F7 (Flyball, 7LD)
Batting: RHB Sergio Solíz 0-0: Ball
1-0: Called Strike
1-1: Swinging Strike
1-2: Ball
2-2: Foul Ball, location: 2F
2-2: SINGLE (Line Drive, 8RM)
Batting: RHB José Vidal 0-0: Ball
1-0: Called Strike
1-1: Ball
2-1: Ball
3-1: Called Strike
3-2: Strikes out swinging
Batting: LHB Kelsey Scott 0-0: Ball
1-0: Ball
2-0: Foul Ball, location: 2F
2-1: Swinging Strike
2-2: Foul Ball, location: 2F
2-2: Hit by Pitch
Sergio Solíz to second
Pitching: LHP Clarence Gill
Batting: RHB Warren Martin 0-0: Ball
1-0: Foul Ball, location: 2F
1-1: Ball
2-1: Ball
3-1: Foul Ball, location: 2F
3-2: Base on Balls
Sergio Solíz to third
Kelsey Scott to second
Batting: RHB Enrique Mendoza 0-0: Called Strike
0-1: Called Strike
0-2: Ball
1-2: Ball
2-2: Ball
3-2: Base on Balls
Sergio Solíz scores
Kelsey Scott to third
Warren Martin to second
Batting: LHB Alan Moore 0-0: Called Strike
0-1: Ball
1-1: Ball
2-1: Swinging Strike
2-2: Strikes out looking
Bottom of the 6th over - 1 run, 1 hit, 0 errors, 3 left on base; Culver City 6 - Bismark 5
TOP OF THE 7TH
Culver City Extras batting - Pitching for Bismark Border Guards : RHP Edward Hastings
Batting: LHB Tony Smith 0-0: Called Strike
0-1: Ball
1-1: Ball
2-1: Ball
3-1: Called Strike
3-2: SINGLE (Groundball, 34D)
Batting: LHB Trey Fitzpatrick 0-0: Ball
1-0: Fly out, F8 (Flyball, 8LXD)
Batting: LHB Ramiro Venegas 0-0: Ball
1-0: Ball
2-0: DOUBLE (Flyball, 78XD)
Tony Smith to third
Runner from 3rd tries for Home, SAFE, no throw
Pitching: LHP David Vance
Batting: LHB Francisco Chavero 0-0: Ball
1-0: Called Strike
1-1: Called Strike
1-2: Fly out, F8 (Line Drive, 8LS)
Batting: RHB Jamie Swyers 0-0: Called Strike
0-1: Ground out 6-3 (Groundball, 56)
Top of the 7th over - 1 run, 2 hits, 0 errors, 1 left on base; Culver City 7 - Bismark 5
BOTTOM OF THE 7TH
Bismark Border Guards batting - Pitching for Culver City Extras : LHP Clarence Gill
Batting: RHB Leonard Harris 0-0: Ball
1-0: Ground out 6-3 (Groundball, 6)
Batting: RHB Mario Carranza 0-0: Called Strike
0-1: Foul Ball, location: 2F
0-2: Ball
1-2: Ball
2-2: Ball
3-2: Base on Balls
Batting: RHB Vincent Braun 0-0: Called Strike
0-1: Ball
1-1: Ball
2-1: Swinging Strike
2-2: Strikes out swinging
Batting: RHB Sergio Solíz 0-0: Ball
1-0: Ball
2-0: Ball
3-0: Base on Balls
Mario Carranza to second
Pinch Hitting: RHB Danny Spode 0-0: Swinging Strike
0-1: Ball
1-1: Foul Ball, location: 2F
1-2: Ball
2-2: Ball
Wild Pitch!
Mario Carranza to third
Sergio Solíz to second
3-2: Strikes out swinging
Bottom of the 7th over - 0 runs, 0 hits, 0 errors, 2 left on base; Culver City 7 - Bismark 5
TOP OF THE 8TH
Culver City Extras batting - Pitching for Bismark Border Guards : LHP David Vance
Now at 3B: Danny Spode
Batting: LHB Martín Garza 0-0: Called Strike
0-1: Swinging Strike
0-2: Ball
1-2: Strikes out looking
Batting: RHB Dave Anderson 0-0: Ball
1-0: Called Strike
1-1: Called Strike
1-2: Foul Ball, location: 2F
1-2: Strikes out swinging
Batting: SHB Joey Boyd 0-0: Ball
1-0: Ball
2-0: Foul Ball, location: 2F
2-1: Swinging Strike
2-2: Strikes out swinging
Top of the 8th over - 0 runs, 0 hits, 0 errors, 0 left on base; Culver City 7 - Bismark 5
BOTTOM OF THE 8TH
Bismark Border Guards batting - Pitching for Culver City Extras : LHP Clarence Gill
Now at 2B: Joe Spears
Now in CF: Mitchell Darragh
Batting: LHB Kelsey Scott 0-0: Called Strike
0-1: Ball
1-1: Swinging Strike
1-2: Ball
2-2: Foul Ball, location: 2F
2-2: Ball
3-2: Base on Balls
Batting: RHB Warren Martin 0-0: Ball
1-0: Ball
2-0: Called Strike
2-1: SINGLE (Flyball, 7LM)
Kelsey Scott to second
Pitching: RHP Walter Shelton
Batting: RHB Enrique Mendoza 0-0: Called Strike
0-1: Ball
1-1: Ball
2-1: Ball
3-1: Fly out, F8 (Flyball, 8RM)
Pitching: LHP Miguel Pazo
Batting: LHB Alan Moore 0-0: Called Strike
0-1: Swinging Strike
0-2: Ball
1-2: Fly out, F7 (Flyball, 7)
Pitching: RHP José García
Batting: RHB Leonard Harris 0-0: Ball
1-0: Ball
2-0: Fly out, F7 (Flyball, 7D)
Bottom of the 8th over - 0 runs, 1 hit, 0 errors, 2 left on base; Culver City 7 - Bismark 5
TOP OF THE 9TH
Culver City Extras batting - Pitching for Bismark Border Guards : LHP David Vance
Pitching: RHP César Rodríguez
Batting: LHB Joe Spears 0-0: Called Strike
0-1: Called Strike
0-2: DOUBLE (Line Drive, 7LM)
Batting: LHB Tony Smith 0-0: Ball
1-0: Ball
2-0: Ball
3-0: Called Strike
3-1: Fly out, F4 (Popup, 4M)
Batting: LHB Trey Fitzpatrick 0-0: Ball
1-0: Called Strike
1-1: Ball
2-1: Swinging Strike
2-2: Strikes out swinging
Batting: LHB Ramiro Venegas 0-0: Called Strike
0-1: Foul Ball, location: 2F
0-2: Ball
1-2: 2-RUN HOME RUN (Flyball, 9LD), Distance : 348 ft
Batting: LHB Francisco Chavero 0-0: Ball
1-0: Foul Ball, location: 2F
1-1: Called Strike
1-2: Foul Ball, location: 2F
1-2: Strikes out swinging
Top of the 9th over - 2 runs, 2 hits, 0 errors, 0 left on base; Culver City 9 - Bismark 5
BOTTOM OF THE 9TH
Bismark Border Guards batting - Pitching for Culver City Extras : RHP José García
Pitching: RHP Juan Rojas
Batting: RHB Mario Carranza 0-0: Ball
1-0: Ball
2-0: Ball
3-0: Called Strike
3-1: Swinging Strike
3-2: Base on Balls
Batting: RHB Vincent Braun 0-0: Ball
1-0: Ground out 4-3 (Groundball, 34)
Mario Carranza to second
Batting: RHB Sergio Solíz 0-0: Swinging Strike
0-1: Called Strike
0-2: Strikes out swinging
Batting: RHB Danny Spode 0-0: Ball
1-0: Fly out, F3 (Popup, 3F)
Bottom of the 9th over - 0 runs, 0 hits, 0 errors, 1 left on base; Culver City 9 - Bismark 5
Saturday, April 7th, 2018 - OOTP Baseball 18.8 Build 76